 Dungeon Crawl Stone Soup version 0.31-a0-662-g684573625c (webtiles) character file.

Game seed: 10199329556123730887

126 AdnanSaban the Shield-Bearer (level 5, -11/33 HPs)
             Began as a Gargoyle Fighter on Sept 1, 2023.
             Killed by divine providence
             ... invoked by an orc priest
              (14 damage)
             ... on level 3 of the Dungeon.
             The game lasted 00:02:29 (1801 turns).

AdnanSaban the Shield-Bearer (Gargoyle Fighter)     Turns: 1801, Time: 00:02:29

Health: -11/33     AC: 12    Str: 21    XL:     5   Next: 10%
Magic:  5/5        EV:  9    Int:  9    God:
Gold:   112        SH:  4    Dex:  9    Spells: 4/4 levels left

rFire   . . .        a - +0 flail
rCold   . . .        c - +0 buckler
rNeg    + . .        b - +0 scale mail
rPois   ∞            h - +0 helmet
rElec   +            (no cloak)
rCorr   .            (no gloves)
SInv    .            (no boots)
Will    .....        (no amulet) Stlth
                     (no ring)
HPRegen 0.25/turn    (no ring)
MPRegen 0.09/turn

%: no passive effects
@: no status effects
A: sickness immunity, AC +4, negative energy resistance 1, electricity
resistance, torment resistance 1, petrification resistance
a: no special abilities


You were on level 3 of the Dungeon.
You visited 1 branch of the dungeon, and saw 3 of its levels.

You collected 112 gold pieces.

Inventory:

Hand Weapons
 a - a +0 flail (weapon)
Missiles
 n - 3 boomerangs
Armour
 b - a +0 scale mail (worn)
 c - a +0 buckler (worn)
 h - a +0 helmet (worn)
Jewellery
 j - a ring of protection from fire
Scrolls
 e - a scroll of teleportation {unknown}
 f - 3 scrolls of identify {unknown}
 g - a scroll of immolation {unknown}
 i - a scroll of noise {unknown}
 l - a scroll of amnesia {unknown}
Potions
 d - a potion of might
 k - a potion of heal wounds {unknown}
 m - a potion of haste {unknown}
 o - a potion of enlightenment {unknown}
 p - a potion of brilliance {unknown}


   Skills:
 + Level 3.7 Fighting
 + Level 3.4 Maces & Flails
 + Level 3.9 Armour
 + Level 0.5 Dodging
 + Level 0.1 Stealth
 + Level 4.2 Shields


You had 4 spell levels left.
You didn't know any spells.
Your spell library contained the following spells:

 Spells                   Type           Power      Damage    Failure   Level
 Frozen Ramparts          Ice            0%         1d1       98%         3
 Petrify                  Tmut/Erth      0%         N/A       100%        4
 Metabolic Englaciation   Hex/Ice        0%         N/A       100%        5


Dungeon Overview and Level Annotations

Branches:
Dungeon (3/15)

Altars:
Qazlal


Innate Abilities, Weirdness & Mutations

You are immune to sickness and miasma.
Your stone body is resilient. (AC +4)
You are immune to poison.
You resist negative energy. (rN+)
You are resistant to electric shocks. (rElec)
You are resistant to unholy torment.
You are immune to petrification.


Message History

A gnoll comes into view. It is wielding a +0 spear.
A gnoll comes into view. It is wielding a +0 halberd.
The adder attacks as it pursues you! You block the adder's attack.
You hit the adder but do no damage. The bat hits you but does no damage.
The adder barely misses you. The adder bites you. You block the bat's attack.
The bat closely misses you. The orc hits you but does no damage.
The adder bites you but does no damage. You block the bat's attack.
The adder barely misses you. The orc attacks as it pursues you!
The orc barely misses you. The bat misses you.
The bat hits you but does no damage. The orc attacks as it pursues you!
The orc hits you but does no damage. The adder bites you but does no damage.
The bat hits you but does no damage. The adder barely misses you.
The kobold hits you but does no damage. You block the bat's attack.
The kobold hits you with a +4 short sword.
The orc hits you but does no damage.
You hit the orc.
The orc is heavily wounded.
The bat completely misses you.
The orc priest calls down the wrath of Beogh upon you.
Beogh smites you!
* * * LOW HITPOINT WARNING * * *
The orc hits you but does no damage. You block the kobold's attack.
The orc completely misses you. The adder bites you but does no damage.
You barely miss the bat. The bat barely misses you. You block the bat's attack.
You block the orc's attack. You block the kobold's attack. The adder bites you.
* * * LOW HITPOINT WARNING * * *
The orc closely misses you. The gnoll barely misses you.
The orc priest looks braver for a moment.
The bat hits you but does no damage. The orc hits you but does no damage.
You closely miss the orc.
The orc is heavily wounded.
You block the bat's attack. The adder bites you but does no damage.
You block the kobold's attack. The orc barely misses you.
The gnoll hits you with a +0 whip.
* * * LOW HITPOINT WARNING * * *
The orc priest invokes the aid of Beogh against you.
Beogh smites you!
You die...

#### ... ##.# .. ## #.
###..# ... ..##...##.
##...#####..#
...>.....#.##bggg......##
............o@Ko........#
..$........o#So.........#
............o...........
...........o..........#.
#...###.#........).#
###.#..........).......#
####...#..o...............#
..<..###).#####..##......##
#..##....o#(/?#..#....[...##


You could see an orc priest, 3 gnolls, an adder, 5 orcs, a bat and a kobold.

Vanquished Creatures
  An orc priest (D:3)
  A gnoll (D:2)
  An adder (D:2)
  A worm (D:2)
  A dart slug (D:2)
  10 orcs
  11 endoplasms
  A giant cockroach (D:1)
  3 goblins (D:1)
  7 hobgoblins
  4 jackals (D:2)
  5 ball pythons
  5 bats
  4 kobolds
  7 rats
62 creatures vanquished.

Notes
Turn   | Place    | Note
-------+----------+-------------------------------------------
     0 | D:1      | AdnanSaban the Gargoyle Fighter began the quest for the
                  | Orb.
     0 | D:1      | Reached XP level 1. HP: 14/14 MP: 1/1
   100 | D:1      | Reached XP level 2. HP: 17/19 MP: 2/2
   271 | D:1      | You fall into a shaft and drop 1 floor!
   353 | D:1      | Reached XP level 3. HP: 14/23 MP: 3/3
   686 | D:1      | Found a faded altar of an unknown god.
   947 | D:2      | Reached skill level 4 in Shields
   977 | D:2      | Reached XP level 4. HP: 27/29 MP: 4/4
   980 | D:2      | Found a stormy altar of Qazlal.
  1714 | D:3      | Reached XP level 5. HP: 13/33 MP: 5/5
  1801 | D:3      | Killed from afar by an orc priest

Illustrated notes

Levels and vault maps discovered:
D:1:      dpeg_arrival_fog, layout_loops_ring, chequers_ecumenical_altar_island
D:2:      layout_loops_ring, basic_altar, cheibrodos_gnoll_hut
D:3:      layout_rooms, gup_sewer_entry_spiral, due_unseen_surprise

Skill      XL: |  1  2  3  4 |
---------------+-------------+-----
Shields        | 4 |  4.2
Maces & Flails | 3 |  3.4
Fighting       | |  3.7
Armour         | |  3.9
Dodging        | |  0.5
Stealth        | |  0.1

Action                     |  1- 3 |  4- 6 || total
---------------------------+-------+-------++-------
  Melee: Flail             |   124 |    86 ||   210
 Armour: Scale mail        |    83 |    94 ||   177
  Dodge: Dodged            |    55 |    59 ||   114
  Block: Buckler           |    18 |    31 ||    49

Table legend: (Time is in decaauts)
 A = Elapsed time spent in this place.
 B = Non-inter-level travel time spent in this place.
 C = Inter-level travel time spent in this place.
 D = Time resting spent in this place.
 E = Time spent auto-exploring this place.
 F = Levels seen in this place.
 G = Mean time per level.
                   A        B        C        D        E       F      G
               +--------+--------+--------+--------+--------+-----+--------+
         Total |   1870 |   1724 |    146 |      0 |   1199 |   3 |  623.3 |
       Dungeon |   1870 |   1724 |    146 |      0 |   1199 |   3 |  623.3 |
               +--------+--------+--------+--------+--------+-----+--------+

Top non-repeatable levels by time:
     D:2: 996 daAuts
     D:1: 749 daAuts
     D:3: 124 daAuts
